 Dungeon Crawl Stone Soup version 0.23.2-1-ga50397a6bc (webtiles) character file.

Game seed: 13846003591698704676

123 Mrkan the Poker (level 5, -2/33 HPs)
             Began as a Tengu Fighter on May 19, 2019.
             Was an Initiate of Makhleb.
             Slain by an iguana (7 damage)
             ... on level 3 of the Dungeon.
             The game lasted 00:04:14 (2686 turns).

Mrkan the Poker (Tengu Fighter)                     Turns: 2686, Time: 00:04:14

Health: -2/33      AC:  7    Str: 17    XL:     5   Next: 7%
Magic:  6/6        EV:  7    Int:  9    God:    Makhleb [......]
Gold:   114        SH:  9    Dex: 13    Spells: 4/4 levels left

rFire    . . .     SeeInvis .   a - +0 trident
rCold    . . .     Gourm    .   c - +0 shield
rNeg     . . .     Faith    .   b - +0 scale mail
rPois    .         Spirit   .   (helmet restricted)
rElec    .         Reflect  .   (no cloak)
rCorr    .         Harm     .   (no gloves)
MR       .....                  (boots unavailable)
Stlth    ..........             (no amulet)
HPRegen  0.11/turn              (no ring)
MPRegen  0.10/turn              (no ring)

@: no status effects
A: beak, talons 3, able to fly
a: Fly, Renounce Religion


You were on level 3 of the Dungeon.
You worshipped Makhleb.
Makhleb was noncommittal.
You were hungry.

You visited 1 branch of the dungeon, and saw 4 of its levels.

You collected 114 gold pieces.

Inventory:

Hand Weapons
 a - a +0 trident (weapon)
Armour
 b - a +0 scale mail (worn)
 c - a +0 shield (worn)
Jewellery
 i - an uncursed ring of wizardry {unknown}
 l - an uncursed amulet of the gourmand {unknown}
 p - a +2 ring of intelligence {unknown}
Scrolls
 e - 4 scrolls of teleportation {unknown}
 g - 4 scrolls of identify {unknown}
 j - 2 scrolls of enchant armour {unknown}
 n - a scroll of random uselessness {unknown}
Potions
 d - a potion of might
 h - 3 potions of magic {unknown}
 k - a potion of curing {unknown}
 m - a potion of lignification {unknown}
 o - 2 potions of heal wounds {unknown}
Comestibles
 f - 8 rations


   Skills:
 + Level 3.7 Fighting
 * Level 4.2 Polearms
 + Level 4.1 Armour
 - Level 3.0 Shields
 + Level 0.3 Invocations


You had 4 spell levels left.
You didn't know any spells.
Your spell library was empty.

Dungeon Overview and Level Annotations

Branches:
Dungeon (4/15)
 Temple: D:4-7

Altars:
Makhleb
Qazlal


Innate Abilities, Weirdness & Mutations

You have a beak for a mouth.
You have claws for feet.
You can fly continuously.


Message History

You block the iguana's attack.
The iguana bites you but does no damage.
Things that are here:
a +0 dagger; a +0 leather armour You see here a dagger.
You hit the iguana but do no damage. Your kick misses the iguana.
The iguana bites you.
You puncture the iguana! You claw the iguana.
The iguana is almost dead.
The iguana bites you.
* * * LOW HITPOINT WARNING * * *
Your shield and scale mail prevent you from hitting the iguana.
Your kick misses the iguana. Your peck misses the iguana.
The iguana is almost dead.
The iguana bites you.
* * * LOW HITPOINT WARNING * * *
You barely miss the iguana. You claw the iguana.
The iguana is almost dead.
You block the iguana's attack. The iguana bites you!
You die...

#.##......## #..(..(÷##.
#.#(.......## #.......##.
#...........###.......#.. #######
#........................ ......#
#........(.......(.(.....
......###....>.......#######..###
......##............## ###...##
.......#.##.........######......#
[[...÷>).).....l@......#...##.#..
.........#......[........###..##.
#######....(...........##....####
...........................†...).
.........#....................###
......##.#...............####....
########...............### #####
#..##....>.......#
##..#######################


You could see an iguana.

Vanquished Creatures
  3 adders
  3 oozes
  A worm (D:3)
  A dart slug (D:1)
  A leopard gecko (D:2)
  6 orcs
  6 giant cockroaches
  9 goblins
  6 hobgoblins
  3 jackals (D:1)
  7 kobolds
  A quokka (D:3)
  2 ball pythons
  7 bats
  3 frilled lizards
  10 rats
69 creatures vanquished.

Notes
Turn   | Place    | Note
-------+----------+-------------------------------------------
     0 | D:1      | Mrkan the Tengu Fighter began the quest for the Orb.
     0 | D:1      | Reached XP level 1. HP: 14/14 MP: 2/2
   106 | D:1      | Reached XP level 2. HP: 11/19 MP: 3/3
   730 | D:1      | Reached XP level 3. HP: 22/23 MP: 4/4
  1381 | D:2      | Found a faded altar of an unknown god.
  1815 | D:3      | Reached XP level 4. HP: 24/28 MP: 5/5
  2023 | D:3      | Noticed a water elemental
  2025 | D:3      | Found a stormy altar of Qazlal.
  2026 | D:3      | Noticed an earth elemental
  2026 | D:3      | Noticed a fire elemental
  2026 | D:3      | Noticed an air elemental
  2148 | D:3      | Found a burning altar of Makhleb.
  2156 | D:3      | Became a worshipper of Makhleb the Destroyer
  2379 | D:3      | Gained mutation: You can fly continuously. [Tengu growth]
  2379 | D:3      | Reached XP level 5. HP: 8/33 MP: 6/6
  2686 | D:3      | Slain by an iguana

Skill      XL: |  1  2  3  4 |
---------------+-------------+-----
Polearms       | 3 4 |  4.2
Armour         | 4 |  4.1
Fighting       | |  3.7
Shields        | |  3.0
Invocations    | |  0.3

Action                   |  1- 3 |  4- 6 || total
-------------------------+-------+-------++-------
Melee: Trident           |   100 |    87 ||   187
       Peck              |    11 |    14 ||    25
       Kick              |    13 |    18 ||    31
  Eat: Chunk             |     2 |     3 ||     5
Armor: Scale mail        |    33 |    31 ||    64
Dodge: Dodged            |    30 |    19 ||    49
Block: Shield            |    46 |    39 ||    85
